 Dungeon Crawl Stone Soup version 0.29-a0-422-gafbd6decc1 (webtiles) character file.

Game seed: 5691674317932449121

2309 xian the Destroyer (level 9, 0/68 HPs)
             Began as a Red Draconian Conjurer on May 19, 2022.
             Was a Believer of Nemelex Xobeh.
             Succumbed to a killer bee's poison
             ... on level 7 of the Dungeon.
             The game lasted 00:29:21 (8041 turns).

xian the Destroyer (Red Draconian Conjurer)         Turns: 8041, Time: 00:29:21

Health: 0/68       AC:  7    Str:  9    XL:     9   Next: 18%
Magic:  2/18       EV: 12    Int: 24    God:    Nemelex Xobeh [**....]
Gold:   400        SH:  0    Dex:  9    Spells: 14/21 levels left

rFire   + . .      SeeInvis +   K - +2 halberd
rCold   . . .      Faith    .   (shield currently unavailable)
rNeg    . . .      Spirit   .   (body armour unavailable)
rPois   .          Reflect  .   (helmet restricted)
rElec   .          Harm     .   (no cloak)
rCorr   .          Rampage  .   (no gloves)
Will    .....                   (no boots)
Stlth   ++........              i - amulet of regeneration
HPRegen 1.01/turn               w - ring of see invisible
MPRegen 0.16/turn               C - ring of wizardry

@: mighty, lethally poisoned (0 -> -6), short of breath, weak-willed
A: breathe fire, AC +7, unfitting armour, fire resistance 1, cold-blooded
a: Breathe Fire, Renounce Religion, Draw Escape, Draw Destruction, Draw
Summoning


You were on level 7 of the Dungeon.
You worshipped Nemelex Xobeh.
Nemelex Xobeh was pleased with you.
You visited 1 branch of the dungeon, and saw 7 of its levels.
You also visited: Ossuary.

You collected 400 gold pieces.

Inventory:

Hand Weapons
 A - a +3 dagger
 E - a +1 dagger of electrocution
 K - a +2 halberd (weapon)
Missiles
 d - 5 silver boomerangs
Armour
 G - a +2 robe of willpower
Magical Staves
 b - a staff of cold
 f - a staff of fire
Jewellery
 i - an amulet of regeneration (around neck)
 w - a ring of see invisible (left hand)
 y - a ring of flight
 C - a ring of wizardry (right hand)
Wands
 j - a wand of charming (8)
 u - a wand of polymorph (8)
Scrolls
 c - 4 scrolls of vulnerability
 e - 5 scrolls of identify {unknown}
 g - a scroll of acquirement {unknown}
 h - a scroll of silence {unknown}
 k - 2 scrolls of fear {unknown}
 l - a scroll of brand weapon {unknown}
 m - a scroll of poison {unknown}
 n - a scroll of amnesia {unknown}
 o - 3 scrolls of teleportation {unknown}
 t - 3 scrolls of enchant weapon {unknown}
 B - 2 scrolls of fog {unknown}
 D - a scroll of immolation {unknown}
 J - a scroll of torment {unknown}
Potions
 a - 3 potions of magic
 p - 2 potions of ambrosia {unknown}
 q - 2 potions of resistance {unknown}
 r - 2 potions of invisibility {unknown}
 s - a potion of lignification {unknown}
 v - a potion of degeneration {unknown}
 x - 2 potions of might
 z - 2 potions of flight {unknown}
 F - 3 potions of brilliance {unknown}
 H - a potion of curing {unknown}
 I - 2 potions of mutation {unknown}


   Skills:
 + Level 2.5 Fighting
 + Level 1.2 Staves
 + Level 4.0 Dodging
 + Level 4.1 Stealth
 + Level 6.5 Spellcasting
 + Level 9.0 Conjurations


You had 14 spell levels left.
You knew the following spells:

 Your Spells              Type           Power      Damage    Failure   Level
a - Magic Dart            Conj           100%       1d8       1%          1
b - Searing Ray           Conj           100%       2d8       1%          2
c - Iskenderun's Mystic   Conj/Tloc      29%        2d7       4%          4

Your spell library contained the following spells:

 Spells                   Type           Power      Damage    Failure   Level
 Dazzling Flash           Conj/Hex       58%        N/A       1%          3
 Fulminant Prism          Conj/Hex       14%        3d9       4%          4


Dungeon Overview and Level Annotations

Branches:
Dungeon (7/15)             Temple (0/1) D:6         Ossuary (visited)

Altars:
Dithmenos
Fedhas
Nemelex Xobeh

Shops:
D:1 =


Innate Abilities, Weirdness & Mutations

You can breathe blasts of fire.
Your fiery red scales are hard. (AC +7)
You cannot fit into any form of body armour.
Your flesh is heat resistant. (rF+)
You are cold-blooded and may be slowed by cold attacks.


Message History

You feel sick. The killer bee closely misses you. The killer bee stings you.
You are more poisoned.
The killer bee poisons you!
The killer bee attacks as you move away!
The killer bee completely misses you.
You have got your breath back.
You feel very sick.
You feel very sick. The killer bee closely misses you.
The killer bee attacks as you move away!
The killer bee stings you.
You feel very sick.
Aiming: Breathe Fire (4% risk of failure)
Press: ? - help, Shift-Dir - straight line, f - killer bee
Aim: a killer bee (wandering, hasn't noticed you, 39% to hit)
You breathe a blast of fire.
The fiery breath misses the killer bee. x2
The fiery breath hits the killer bee!
The killer bee is heavily wounded.
The killer bee buzzes angrily.
You feel sick.
You hear a shout!
The killer bee stings you!
* * * LOW HITPOINT WARNING * * *
The killer bee closely misses you. The killer bee stings you.
* * * LOW HITPOINT WARNING * * *
You are more poisoned.
The killer bee poisons you!
As you read the scroll labelled AQUT OTHRIMM, it crumbles to dust.
Magic quickly surges around you.
It was a scroll of vulnerability.
* * * LOW HITPOINT WARNING * * *
You feel very sick. The killer bee barely misses you.
The killer bee stings you!
* * * LOW HITPOINT WARNING * * *
The killer bee stings you but does no damage.
The scorpion stings you but does no damage.
The killer bee misses you.
It was a potion of might.
You feel very mighty all of a sudden.
You die...
Your body disappears without a glow.

#.................
.....................
......#..............
#..................
##.....#......../..
##.$....##..........
##..(................
#.##...yy...............
.......@y............#
.#.#...s#...§........#
##....#.†...#...##..#
#$.#.#....##$<## ..
...........#.......#
#...................#
#.....................
#....................$
.....##...........


You could see a scorpion (weak-willed) and 3 killer bees.

Vanquished Creatures
  A shadow (D:5)
  2 wraiths (Ossuary)
  An orc warrior (D:6)
  2 sky beasts (D:6)
  2 ogres
  A black bear (D:6)
  A phantom (D:6)
  2 bullfrogs (D:6)
  2 scorpions
  A necrophage (D:5)
  3 wights (Ossuary)
  4 killer bees (D:7)
  4 hounds
  2 orc priests
  A jelly (D:6)
  2 iguanas
  4 orc wizards
  11 adders
  2 river rats (D:3)
  An adder zombie (Ossuary)
  4 worms
  3 dart slugs
  18 orcs
  5 bats
  4 endoplasms
  3 giant cockroaches
  9 goblins
  10 hobgoblins
  2 quokkas
  10 ball pythons
  A ball python skeleton (Ossuary)
  4 frilled lizards
  2 hobgoblin skeletons (Ossuary)
  7 kobolds
  3 kobold zombies
  2 orc skeletons (Ossuary)
  An orc zombie (Ossuary)
  9 rats
  A rat zombie (D:7)
147 creatures vanquished.

Notes
Turn   | Place    | Note
-------+----------+-------------------------------------------
     0 | D:1      | xian the Draconian Conjurer began the quest for the Orb.
     0 | D:1      | Reached XP level 1. HP: 14/14 MP: 3/3
   302 | D:1      | Reached XP level 2. HP: 20/20 MP: 0/5
  1199 | D:1      | Found Poal's Jewellery Boutique.
  1494 | D:2      | Reached XP level 3. HP: 26/26 MP: 2/6
  1690 | D:2      | Reached skill level 5 in Conjurations
  1690 | D:2      | Reached XP level 4. HP: 31/33 MP: 0/7
  1982 | D:2      | Found a faded altar of an unknown god.
  2141 | D:2      | Learned a level 2 spell: Searing Ray
  2710 | D:3      | Found a shadowy altar of Dithmenos.
  2716 | D:3      | Found a sparkling altar of Nemelex Xobeh.
  2782 | D:3      | Found a blossoming altar of Fedhas.
  2890 | D:3      | Reached XP level 5. HP: 38/38 MP: 3/9
  3589 | D:3      | Became a worshipper of Nemelex Xobeh the Trickster
  4106 | D:4      | Noticed an ogre
  4117 | D:4      | Killed an ogre
  4118 | D:4      | Reached skill level 1 in Staves
  4118 | D:4      | Reached XP level 6. HP: 46/46 MP: 0/10
  4248 | D:4      | Reached skill level 6 in Conjurations
  4702 | D:5      | Entered Level 5 of the Dungeon
  4965 | D:5      | Reached * piety under Nemelex Xobeh
  5341 | D:5      | Noticed a shadow
  5355 | D:5      | Killed a shadow
  5356 | D:5      | Your scales start taking on a fiery red colour.
  5356 | D:5      | Reached XP level 7. HP: 51/51 MP: 0/13
  5356 | D:5      | Gained mutation: Your flesh is heat resistant. (rF+) [Red
                  | Draconian growth]
  5521 | D:5      | Reached skill level 7 in Conjurations
  6164 | D:6      | Reached skill level 1 in Fighting
  6164 | D:6      | Reached skill level 5 in Spellcasting
  6178 | D:6      | Received a gift from Nemelex Xobeh
  6357 | D:6      | Found a staircase to the Ecumenical Temple.
  6371 | D:6      | Reached XP level 8. HP: 50/59 MP: 6/15
  6652 | D:6      | Received a gift from Nemelex Xobeh
  6748 | D:6      | Reached skill level 8 in Conjurations
  6957 | D:6      | Reached ** piety under Nemelex Xobeh
  7394 | D:7      | Found a sand-covered staircase.
  7418 | Ossuary  | Entered an ossuary
  7615 | Ossuary  | Learned a level 4 spell: Iskenderun's Mystic Blast
  7675 | Ossuary  | Noticed a flying skull
  7692 | Ossuary  | Noticed a flying skull
  7696 | Ossuary  | Noticed a flying skull
  7769 | Ossuary  | Reached XP level 9. HP: 68/68 MP: 14/18
  8024 | D:7      | Reached skill level 9 in Conjurations
  8040 | D:7      | HP: 2/68 [killer bee (7)]
  8041 | D:7      | Succumbed to a killer bee's poison

Illustrated notes

Levels and vault maps discovered:
D:1:      minmay_arrival_four_loops, layout_loops_corners, serial_shops, shop,
          serial_park_tiny_pond, minmay_indecisive_spiral
D:2:      layout_rooms, chequers_ecumenical_altar_simple, st_stairs_5
D:3:      layout_loops_ring, mainiacjoe_overflow_catwalk_spiral,
          mainiacjoe_overflow_concentric_impassable, portal_sewer_entry_b
D:4:      layout_gridville, minmay_misc_feat_pillars
D:5:      layout_basic, nicolae_underground_beach
D:6:      layout_loops_corners, minmay_temple_entry_junction_2
D:7:      layout_cave_pools, enter_ossuary_3, uniq_joseph

Skill      XL: |  1  2  3  4  5  6  7  8  9 |
---------------+----------------------------+-----
Stealth        | 2 3 4 |  4.1
Dodging        | 2 3 4 |  4.0
Conjurations   | 5 6 7 8 9 |  9.0
Staves         | 1 |  1.2
Spellcasting   | 3 4 5 6 |  6.5
Fighting       | 1 2 |  2.5

Action                   |  1- 3 |  4- 6 |  7- 9 || total
-------------------------+-------+-------+-------++-------
Melee: Staff             |    19 |     7 |       ||    26
       Dagger            |       |     9 |    12 ||    21
       Tailslap          |       |     2 |     2 ||     4
       Punch             |       |       |     1 ||     1
 Cast: Magic Dart        |    63 |   122 |    23 ||   208
       Searing Ray       |       |    13 |    25 ||    38
       Iskenderun's Myst |       |       |     4 ||     4
Invok: Draw Escape       |       |       |     1 ||     1
       Draw Destruction  |       |       |     1 ||     1
 Abil: Breathe Fire      |       |       |    35 ||    35
  Use: Scroll            |       |       |     1 ||     1
       Potion            |       |       |     1 ||     1
Armor: Skin              |     9 |    14 |    27 ||    50
Dodge: Dodged            |    26 |    33 |    65 ||   124

Table legend: (Time is in decaauts)
 A = Elapsed time spent in this place.
 B = Non-inter-level travel time spent in this place.
 C = Inter-level travel time spent in this place.
 D = Time resting spent in this place.
 E = Time spent auto-exploring this place.
 F = Levels seen in this place.
 G = Mean time per level.
                   A        B        C        D        E       F      G
               +--------+--------+--------+--------+--------+-----+--------+
         Total |   8043 |   7839 |    204 |     60 |   6494 |   8 | 1005.4 |
       Dungeon |   7450 |   7246 |    204 |      0 |   6141 |   7 | 1064.3 |
       Ossuary |    593 |    593 |      0 |     60 |    353 |   1 |  593.0 |
               +--------+--------+--------+--------+--------+-----+--------+

Top non-repeatable levels by time:
     D:1: 1489 daAuts
     D:5: 1414 daAuts
     D:6: 1276 daAuts
     D:3: 1201 daAuts
     D:4: 1065 daAuts
     D:2: 950 daAuts
 Ossuary: 593 daAuts
     D:7: 52 daAuts
